 Dungeon Sprint DCSS version 0.20-a0-548-g4f8a798 (webtiles) character file.

1356 dvd the Basher (level 8, 0/133 HPs)
             Began as a Troll Berserker on Feb 1, 2017.
             Was a High Priest of Trog.
             Slain by a sixfirhy (9 damage)
             ... summoned by an orc high priest
             ... in the Dungeon (Sprint III: "The Ten Rune Challenge").
             The game lasted 00:04:52 (647 turns).

dvd the Basher (Troll Berserker)                     Turns: 647, Time: 00:04:53

Health: 0/133      AC: -15   Str: 31    XL:     8   Next: 37%
Magic:  2/2        EV: 14    Int:  3    God:    Trog [*****.]
Gold:   28         SH:  0    Dex: 13    Spells: 7/7 levels left

rFire    . . .     SeeInvis .   k - +2 great mace (antimagic)
rCold    . . .     Gourm    +   b - +0 animal skin
rNeg     . . .     Faith    .   (shield currently unavailable)
rPois    +         Spirit   .   (helmet restricted)
rElec    .         Reflect  .   (no cloak)
rCorr    .         Harm     .   (gloves unavailable)
MR       ++...     NoTele   +   (boots unavailable)
Stlth    ..........             (no amulet)
Regen    1.8/turn               (no ring)
                                (no ring)

@: berserking, corroded, regenerating, very quick
A: unfitting armour, claws 3, thin skeletal structure 1, fast metabolism 3,
gourmand, poison resistance, regeneration 1, shaggy fur 1, tough skin 2
a: Berserk, Trog's Hand, Brothers in Arms, Burn Spellbooks, Renounce Religion


You were in the Dungeon.
You worshipped Trog.
Trog was extremely pleased with you.
You were very full.

You visited 1 branch You collected 28 gold pieces.

Inventory:

Hand Weapons
 a - a +0 mace
 k - a +2 antimagic great mace (weapon)
 s - a +2 long sword of holy wrath
 v - a +2 short sword of draining
Armour
 b - a +0 animal skin (worn)
Scrolls
 i - a scroll of blinking
 m - 3 scrolls of torment {unknown}
 n - a scroll of identify {unknown}
 o - 3 scrolls of remove curse
 q - a scroll of holy word {unknown}
 r - a scroll of fog {unknown}
Potions
 d - a potion of curing
 e - a potion of heal wounds
 f - a potion of haste
 g - 2 potions of magic
 h - 2 potions of berserk rage
 j - a potion of cure mutation
 l - 3 potions of flight
Comestibles
 c - 2 bread rations
 p - a meat ration
 t - a royal jelly
 u - 2 chunks of flesh


   Skills:
 + Level 8.6 Fighting
 + Level 11.4 Maces & Flails
 + Level 8.1 Dodging
 + Level 2.6 Stealth


You had 7 spell levels left.
You didn't know any spells.

Dungeon Overview and Level Annotations

Branches:
Dungeon (1/1)

Altars:
Cheibriados
Dithmenos
Elyvilon
Fedhas
Gozag
Hepliaklqana
Kikubaaqudgha
Makhleb
Nemelex Xobeh
Okawaru
Qazlal
Ru
Sif Muna
Trog
Uskayaw
Vehumet
Xom
Yredelemnul
Zin
The Shining One
Beogh
Jiyva
Lugonu


Innate Abilities, Weirdness & Mutations

You are too large for most types of armour.
You have claws for hands.
Your metabolism is lightning-fast.
You like to eat raw meat.
Your natural rate of healing is unusually fast.
You are covered in fur. (AC +1)
You have very tough skin. (AC +2)
You have a somewhat thin skeletal structure. (Dex +2, Stealth)
Your system is resistant to poisons. (rPois)


Message History

Your ogre closely misses the orc high priest.
The sixfirhy hits your ogre! The sixfirhy shocks your ogre!
Your ogre dies!
Your ogre's corpse disappears in a puff of smoke!
The orc high priest hits you with a battleaxe.
The rust devil closely misses you.
A red film seems to cover your vision as you go berserk!
You feel yourself moving faster!
You feel mighty!
You feel a lot less full.
The orc shouts!
The sixfirhy hits you! The sixfirhy shocks you! The sixfirhy barely misses you.
The sixfirhy hits you. The sixfirhy shocks you!
* * * LOW HITPOINT WARNING * * *
The rust devil hits you!
* * * LOW HITPOINT WARNING * * *
The rust devil corrodes you!
The orc high priest prays to Beogh.
The orc high priest is healed somewhat.
The sixfirhy hits you!
* * * LOW HITPOINT WARNING * * *
The sixfirhy shocks you!
You die...

♣.#___#__[#__#$_#$.##$
♣♣.#...#__.#†_#$.....o.
♣..###)#'###'##o..o.o
♣..#..........#ooo.
♣♣.'.⌠........#o$#
♣..#...######'#4#
...#.⌠.#__#...#'#### #
...#...#__#...#3o..#.#
...#)###__#...##@#).#
...#.).#__#...'##4#.#
...#___#__'...#.).#..#
▓▓▓▓▓▓▓▓▓▓▓▓▓▓▓▓▓▓▓▓▓▓


You could see an orc high priest, 2 rust devils, a sixfirhy and 3 orcs.

Vanquished Creatures
  A deep elf mage (D)
  A shadow (D)
  A spatial vortex (D)
  A necrophage (D)
  3 two-headed ogres (D)
  A water elemental (D)
  A jelly (D)
  An orc priest (D)
  Jessica (D)
  A wizard (D)
  A necromancer (D)
  A human (D)
  A kobold demonologist (D)
  2 oozes (D)
  A phantom (D)
  6 orcs (D)
  A rat (D)
25 creatures vanquished.

Vanquished Creatures (collateral kills)
  2 humans (D)
2 creatures vanquished.

Vanquished Creatures (others)
  2 draconian scorchers (D)
  6 hellions (D)
  A yaktaur (D)
  A plant (D)
10 creatures vanquished.

Grand Total: 37 creatures vanquished

Notes
Turn   | Place    | Note
-------+----------+-------------------------------------------
     0 | D        | dvd the Troll Berserker began the quest for the Orb.
     0 | D        | Reached XP level 1. HP: 22/22 MP: 0/0
     5 | D        | Reached skill level 3 in Maces & Flails
     9 | D        | Reached XP level 2. HP: 22/29 MP: 1/1
    11 | D        | Killed a yaktaur
    28 | D        | Noticed Jessica
    31 | D        | Killed Jessica
    31 | D        | Reached ** piety under Trog
    31 | D        | Reached skill level 4 in Maces & Flails
    31 | D        | Reached XP level 3. HP: 39/39 MP: 2/2
    70 | D        | Killed a hellion
    72 | D        | Killed a hellion
    72 | D        | Killed a hellion
    73 | D        | Killed a hellion
   118 | D        | Reached skill level 5 in Maces & Flails
   134 | D        | Killed a white draconian scorcher
   135 | D        | Reached *** piety under Trog
   148 | D        | Killed a white draconian scorcher
   153 | D        | Gained mutation: Scrolls take you a little longer to read. [potion of mutation]
   153 | D        | Gained mutation: You have a somewhat thin skeletal structure. (Dex +2, Stealth) [potion of mutation]
   153 | D        | Gained mutation: You are dopey. (Int -2) [potion of mutation]
   154 | D        | Gained mutation: You are clumsy. (Dex -2) [potion of mutation]
   154 | D        | Gained mutation: Your system is resistant to poisons. (rPois) [potion of mutation]
   154 | D        | Gained mutation: Armour fits poorly on your strangely shaped body. [potion of mutation]
   155 | D        | Lost mutation: Armour fits poorly on your strangely shaped body. [potion of cure mutation]
   155 | D        | Lost mutation: You are clumsy. (Dex -2) [potion of cure mutation]
   155 | D        | Lost mutation: Scrolls take you a little longer to read. [potion of cure mutation]
   155 | D        | Lost mutation: You are dopey. (Int -2) [potion of cure mutation]
   180 | D        | Killed a hellion
   227 | D        | Noticed a water elemental
   231 | D        | Killed a hellion
   238 | D        | Killed a water elemental
   238 | D        | Reached skill level 6 in Maces & Flails
   238 | D        | Reached XP level 4. HP: 28/49 MP: 3/3
   270 | D        | Found a glowing silver altar of Zin.
   271 | D        | Found a glowing golden altar of the Shining One.
   271 | D        | Found a white marble altar of Elyvilon.
   271 | D        | Noticed a deep elf mage
   278 | D        | Noticed an ice beast
   282 | D        | Killed a deep elf mage
   282 | D        | Reached skill level 9 in Maces & Flails
   282 | D        | Reached skill level 1 in Stealth
   282 | D        | Reached XP level 5. HP: 19/61 MP: 4/4
   282 | D        | Reached XP level 6. HP: 21/68 MP: 5/5
   360 | D        | Found a radiant altar of Vehumet.
   360 | D        | Found a deep blue altar of Sif Muna.
   360 | D        | Found an ancient bone altar of Kikubaaqudgha.
   372 | D        | Reached **** piety under Trog
   379 | D        | Reached XP level 7. HP: 78/78 MP: 6/6
   387 | D        | Reached ***** piety under Trog
   387 | D        | Received a gift from Trog
   403 | D        | Found a hide-covered altar of Uskayaw.
   403 | D        | Found a roughly hewn altar of Beogh.
   403 | D        | Found an iron altar of Okawaru.
   403 | D        | Found a bloodstained altar of Trog.
   403 | D        | Noticed a human
   403 | D        | Noticed a human
   413 | D        | Killed a human
   414 | D        | Killed a human
   456 | D        | Found a basalt altar of Yredelemnul.
   456 | D        | Found a shadowy altar of Dithmenos.
   456 | D        | Found a sacrificial altar of Ru.
   461 | D        | Reached skill level 10 in Maces & Flails
   495 | D        | Noticed a shadow
   503 | D        | Killed a shadow
   538 | D        | Found a blossoming altar of Fedhas.
   538 | D        | Found a stormy altar of Qazlal.
   538 | D        | Found a snail-covered altar of Cheibriados.
   538 | D        | Found a burning altar of Makhleb.
   538 | D        | Found a shimmering altar of Xom.
   538 | D        | Noticed a spatial vortex
   539 | D        | Found a hazy altar of Hepliaklqana.
   539 | D        | Found an opulent altar of Gozag.
   539 | D        | Found a sparkling altar of Nemelex Xobeh.
   539 | D        | Found a corrupted altar of Lugonu.
   539 | D        | Found a viscous altar of Jiyva.
   544 | D        | Killed a spatial vortex
   544 | D        | Reached XP level 8. HP: 88/88 MP: 2/7
   569 | D        | Reached skill level 11 in Maces & Flails
   610 | D        | Found a roughly hewn altar of Beogh.
   611 | D        | Noticed an orc high priest
   613 | D        | Noticed an orc high priest
   618 | D        | Received a gift from Trog
   623 | D        | Noticed an ice devil
   628 | D        | Noticed a rust devil
   628 | D        | Noticed a rust devil
   640 | D        | Noticed a sixfirhy
   647 | D        | Slain by a sixfirhy

Vault maps used:
D:        dungeon_sprint_mu

Skill      XL: |  1  2  3  4  5  6  7  8 |
---------------+-------------------------+-----
Maces & Flails | 3 4 6 9 10 11 | 11.4
Dodging        | 3 4 6 7 8 |  8.1
Fighting       | 3 4 6 7 8 |  8.6
Stealth        | 1 2 |  2.6

Action                   |  1- 3 |  4- 6 |  7- 9 || total
-------------------------+-------+-------+-------++-------
Melee: Mace              |    33 |    25 |       ||    58
       Great mace        |       |       |    50 ||    50
Invok: Berserk           |     3 |     2 |     4 ||     9
       Brothers in Arms  |       |       |     2 ||     2
       Burn Spellbooks   |       |       |     1 ||     1
       Trog's Hand       |       |       |     1 ||     1
  Use: Potion            |     6 |       |       ||     6
 Stab: Sleeping          |     1 |     1 |     1 ||     3
  Eat: Chunk             |     2 |     1 |    12 ||    15
       Bread ration      |       |       |     1 ||     1
Armor: Animal skin       |     4 |     3 |     6 ||    13
Dodge: Dodged            |    18 |     4 |    36 ||    58
